 Dungeon Sprint DCSS version 0.17-a0-1701-gf693a3f (webtiles) character file.

10955 Kidiri the Unseen (level 11, -3/51 HPs)
             Began as a Spriggan Enchanter on Aug 21, 2015.
             Was the Champion of Dithmenos.
             Slain by a tentacle (4 damage)
             ... attached to a kraken
             ... in the Dungeon (Sprint III: "The Ten Rune Challenge").
             The game lasted 00:16:25 (2658 turns).

Kidiri the Unseen (Spriggan Enchanter)              Turns: 2658, Time: 00:16:25

Health: -3/51      AC:  3    Str:  6    XL:     11   Next: 43%
Magic:  22/30      EV: 33    Int: 19    God:    Dithmenos [******]
Gold:   28         SH:  0    Dex: 18    Spells: 11 memorised, 1 level left

rFire  . . .     SeeInvis +     a - +2 dagger
rCold  . . .     Clarity  .     b - +1 robe
rNeg   . . .     SustAt   .     (shield restricted)
rPois  .         Gourm    .     (helmet restricted)
rElec  .         Spirit   .     (no cloak)
rCorr  .         Warding  .     (gloves unavailable)
rMut   .         NoTele   +     (boots unavailable)
MR     +....                    (no amulet)
Stlth  ++++++++++               (no ring)
                                (no ring)

@: wreathed by umbra, very quick, somewhat resistant to hostile enchantments,
uncannily stealthy
A: unfitting armour, horns 1, talons 2, see invisible, herbivore 3, speed 3,
robust 1, slow metabolism 2, strong 1
a: Shadow Step, Shadow Form, Renounce Religion


You were in the Dungeon.
You worshipped Dithmenos.
Dithmenos was exalted by your worship.
You were completely stuffed.

You visited 1 branch You collected 28 gold pieces.

Inventory:

Hand weapons
 a - a +2 dagger (weapon)
 f - a +1 dagger of electrocution
Missiles
 m - 10 throwing nets (quivered)
Armour
 b - a +1 robe (worn)
Scrolls
 e - 4 scrolls of remove curse
 q - a scroll of torment
Potions
 g - a potion of haste
 l - a potion of might
 o - 3 potions of cure mutation
 p - 2 potions of flight
Books
 i - a book of the Warp

   Spells                             Type                      Level
   a - Recall                         Summoning/Translocation      3
   b - Gell's Gravitas                Hexes/Translocation          3
   c - Force Lance                    Conjuration/Translocation    4
   d - Phase Shift                    Translocation                5
   e - Warp Weapon                    Charms/Translocation         5
   f - Summon Forest                  Summoning/Translocation      5
Comestibles
 c - 6 fruits
 n - 23 royal jellies


   Skills:
 + Level 9.5 Short Blades
 * Level 16.5 Dodging
 * Level 17.9 Stealth
 * Level 14.1 Spellcasting
 + Level 6.2 Conjurations
 + Level 10.8 Hexes
 + Level 5.9 Summonings
 + Level 10.5 Translocations
 + Level 7.3 Ice Magic
 - Level 3.0 Invocations


You had one spell level left.
You knew the following spells:

 Your Spells              Type           Power        Failure   Level  Hunger
a - Corona                Hex            ######.      1%          1    None
b - Ensorcelled Hibernat  Hex/Ice        #####.       1%          2    None
c - Confuse               Hex            ######..     1%          3    None
d - Tukima's Dance        Hex            ######..     1%          3    None
e - Dazzling Spray        Conj/Hex       #####...     1%          3    None
f - Gell's Gravitas       Hex/Tloc       ######....   1%          3    None
g - Recall                Summ/Tloc      N/A          1%          3    None
h - Force Lance           Conj/Tloc      #####...     1%          4    None
i - Phase Shift           Tloc           ######....   1%          5    ####...
j - Summon Forest         Summ/Tloc      #####.....   6%          5    ####...
k - Warp Weapon           Chrm/Tloc      ####......   17%         5    ####...


Dungeon Overview and Level Annotations

Branches:
Dungeon (1/1)

Altars:
Cheibriados
Dithmenos
Elyvilon
Fedhas
Gozag
Kikubaaqudgha
Makhleb
Nemelex Xobeh
Okawaru
Qazlal
Ru
Sif Muna
Trog
Vehumet
Xom
Yredelemnul
Zin
The Shining One
Jiyva
Lugonu

Shops:
D !


Innate Abilities, Weirdness & Mutations

You are tiny and cannot use many weapons and most armour.
You have supernaturally acute eyesight.
You are a herbivore.
You cover ground extremely quickly.
You need consume almost no food.
You have a pair of small horns on your head.
You have razor-sharp toenails.
You are robust (+10% HP).
Your muscles are strong. (Str +2)


Message History

Press: ? - help, Shift-Dir - straight line, f - tentacle, p - kraken
Aim: a tentacle (ink, water, umbra, magic immune)
The tentacle is unaffected.
The tentacle completely misses you. The tentacle closely misses you.
The tentacle completely misses you.
Casting: Ensorcelled Hibernation
Confirm with . or Enter, or press ? or * to list all spells.
Aiming: Ensorcelled Hibernation
Press: ? - help, Shift-Dir - straight line, f - kraken, p - tentacle
Aim: a kraken (water, severely wounded, umbra, chance to defeat MR: 37%)
The kraken easily resists.
Your shadow mimicks your spell!
The kraken resists with almost no effort.
The tentacle misses you. The tentacle completely misses you.
The tentacle slaps you!!
You emit a cloud of dark smoke.
The tentacle slaps you!
* * * LOW HITPOINT WARNING * * *
You emit a cloud of dark smoke.
The tentacle slaps you!
* * * LOW HITPOINT WARNING * * *
The tentacle slaps you.
You die...

♣...##.##.#≈≈≈≈§..%#
♣♣.##%##.##'≈≈≈≈≈####+#
♣..#.##...#≈≈.....§§§#
♣♣.##.##.)#≈..+#######
♣♣.##.#####...#....))#
♣%....##......#♣♣♣._)#
########'#############
▓..........PP▓
▓≈≈..@w§...≈≈▓
▓≈≈≈.ww*PP≈≈≈▓
▓≈≈≈≈X*§≈≈≈≈≈▓
▓≈≈≈≈≈*§≈≈≈≈≈▓
▓≈≈≈≈≈≈≈§≈≈≈≈▓
▓≈≈≈≈§§§§≈≈≈≈▓
▓≈≈§§§§§§≈≈≈≈▓
▓≈≈§§§§§§≈≈≈≈▓
▓≈≈≈≈≈§≈≈≈§≈≈▓


You could see a kraken and 3 tentacles.

Vanquished Creatures
  A tentacled starspawn (D)
  Maud (D)
  2 hydras (D)
  Erolcha (D)
  A death drake (D)
  A spriggan druid (D)
  A lindwurm (D)
  2 spiny frogs (D)
  A komodo dragon (D)
  A deep elf priest (D)
  A queen bee (D)
  3 wandering mushrooms (D)
  2 snapping turtles (D)
  2 spriggans (D)
  A shadow (D)
  2 trapdoor spiders (D)
  4 redbacks (D)
  2 hill giants (D)
  A spatial vortex (D)
  A necrophage (D)
  3 two-headed ogres (D)
  2 brain worms (D)
  A water elemental (D)
  32 killer bees (D)
  An electric eel (D)
  A small abomination (D)
  A jelly (D)
  A wizard (D)
  A necromancer (D)
  3 humans (D)
  A kobold demonologist (D)
  2 oozes (D)
  A phantom (D)
  2 rats (D)
  2 fungi (D)
85 creatures vanquished.

Vanquished Creatures (others)
  2 draconian scorchers (D)
  Nessos (D)
  2 yaktaurs (D)
  5 plants (D)
  6 starspawn tentacles (D)
  70 starspawn tentacle segments (D)
  17 tentacles (D)
  124 tentacle segments (D)
227 creatures vanquished.

Grand Total: 312 creatures vanquished

Notes
Turn   | Place    | Note
--------------------------------------------------------------
     0 | D        | Kidiri the Spriggan Enchanter began the quest for the Orb.
     0 | D        | Reached XP level 1. HP: 9/9 MP: 5/5
    19 | D        | Reached skill level 5 in Stealth
    26 | D        | Reached XP level 2. HP: 13/13 MP: 5/7
    30 | D        | Learned a level 2 spell: Ensorcelled Hibernation
   130 | D        | Killed a yaktaur
   194 | D        | Killed a white draconian scorcher
   222 | D        | Killed a white draconian scorcher
   326 | D        | Reached skill level 5 in Dodging
   326 | D        | Reached skill level 6 in Stealth
   326 | D        | Reached XP level 3. HP: 14/16 MP: 5/10
   334 | D        | Learned a level 3 spell: Confuse
   338 | D        | Learned a level 3 spell: Tukima's Dance
   354 | D        | Gained mutation: You have sharp toenails. [potion of mutation]
   354 | D        | Gained mutation: You have razor-sharp toenails. [potion of mutation]
   355 | D        | Gained mutation: Your body sometimes deteriorates upon taking damage. [potion of mutation]
   355 | D        | Gained mutation: You are robust (+10% HP). [potion of mutation]
   355 | D        | Lost mutation: Your body sometimes deteriorates upon taking damage. [potion of mutation]
   356 | D        | Gained mutation: Your muscles are strong. (Str +2) [potion of mutation]
   356 | D        | Gained mutation: You have a pair of small horns on your head. [potion of mutation]
   396 | D        | Noticed a water elemental
   398 | D        | Killed a water elemental
   398 | D        | Reached skill level 7 in Stealth
   398 | D        | Reached skill level 5 in Spellcasting
   398 | D        | Reached skill level 5 in Hexes
   398 | D        | Reached skill level 1 in Ice Magic
   398 | D        | Reached XP level 4. HP: 23/23 MP: 10/12
   403 | D        | Learned a level 3 spell: Dazzling Spray
   427 | D        | Noticed a jelly
   428 | D        | Noticed a shadow
   449 | D        | Killed a shadow
   449 | D        | Reached skill level 8 in Dodging
   449 | D        | Reached skill level 9 in Stealth
   449 | D        | Reached skill level 1 in Conjurations
   449 | D        | Reached XP level 5. HP: 26/26 MP: 1/15
   454 | D        | Killed a jelly
   454 | D        | Reached skill level 10 in Stealth
   454 | D        | Reached XP level 6. HP: 30/30 MP: 1/17
   568 | D        | Found a stormy altar of Qazlal.
   569 | D        | Found a sacrificial altar of Ru.
   569 | D        | Found a burning altar of Makhleb.
   569 | D        | Found a viscous altar of Jiyva.
   569 | D        | Found a shimmering altar of Xom.
   569 | D        | Found a shadowy altar of Dithmenos.
   569 | D        | Found a sparkling altar of Nemelex Xobeh.
   569 | D        | Found a corrupted altar of Lugonu.
   569 | D        | Found an opulent altar of Gozag.
   569 | D        | Noticed a spatial vortex
   573 | D        | Became a worshipper of Nemelex Xobeh the Trickster
   575 | D        | Fell from the grace of Nemelex Xobeh
   575 | D        | Became a worshipper of Dithmenos the Shadowed
   592 | D        | Killed a spatial vortex
   592 | D        | Reached skill level 5 in Short Blades
   592 | D        | Reached skill level 1 in Invocations
   710 | D        | Found a radiant altar of Vehumet.
   711 | D        | Found a deep blue altar of Sif Muna.
   711 | D        | Found an ancient bone altar of Kikubaaqudgha.
   711 | D        | Noticed a wizard
   712 | D        | Killed a wizard
   714 | D        | Reached skill level 11 in Stealth
   733 | D        | Learned a level 3 spell: Gell's Gravitas
   737 | D        | Learned a level 3 spell: Recall
   744 | D        | Found a glowing silver altar of Zin.
   745 | D        | Found a glowing golden altar of the Shining One.
   745 | D        | Found a white marble altar of Elyvilon.
   745 | D        | Noticed a deep elf priest
   747 | D        | Killed a deep elf priest
   747 | D        | Reached skill level 10 in Dodging
   747 | D        | Reached skill level 1 in Summonings
   747 | D        | Reached XP level 7. HP: 35/35 MP: 18/20
   758 | D        | Found an iron altar of Okawaru.
   759 | D        | Found a bloodstained altar of Trog.
   759 | D        | Noticed a human
   759 | D        | Noticed a human
   761 | D        | Killed a human
   761 | D        | Reached skill level 12 in Stealth
   762 | D        | Killed a human
   762 | D        | Acquired Dithmenos's first power
   777 | D        | Learned a level 4 spell: Force Lance
   781 | D        | Found a basalt altar of Yredelemnul.
   781 | D        | Found a snail-covered altar of Cheibriados.
   781 | D        | Found a blossoming altar of Fedhas.
   781 | D        | Noticed a necrophage
   781 | D        | Noticed a necromancer
   783 | D        | Killed a necrophage
   783 | D        | Reached XP level 8. HP: 39/39 MP: 22/22
   784 | D        | Killed a necromancer
   804 | D        | Noticed a two-headed ogre
   804 | D        | Noticed a two-headed ogre
   808 | D        | Killed a two-headed ogre
   810 | D        | Killed a two-headed ogre
   810 | D        | Reached skill level 10 in Spellcasting
   814 | D        | Noticed a two-headed ogre
   815 | D        | Killed a two-headed ogre
   815 | D        | Acquired Dithmenos's second power
   821 | D        | Noticed a hill giant
   824 | D        | Killed a hill giant
   824 | D        | Reached skill level 13 in Stealth
   832 | D        | Noticed a hill giant
   832 | D        | Noticed Erolcha
   846 | D        | Killed a hill giant
   898 | D        | Noticed a redback
   900 | D        | Noticed a trapdoor spider
   904 | D        | Killed a trapdoor spider
   904 | D        | Reached skill level 5 in Translocations
   906 | D        | Killed a redback
   906 | D        | Acquired Dithmenos's third power
   924 | D        | Killed Erolcha
   924 | D        | Reached skill level 14 in Stealth
   924 | D        | Reached skill level 5 in Ice Magic
   924 | D        | Reached XP level 9. HP: 42/42 MP: 9/25
   932 | D        | Learned a level 5 spell: Phase Shift
  1018 | D        | Noticed a trapdoor spider
  1023 | D        | Killed a trapdoor spider
  1097 | D        | Noticed a killer bee
  1097 | D        | Noticed a killer bee
  1097 | D        | Noticed a killer bee
  1097 | D        | Noticed a killer bee
  1097 | D        | Noticed a killer bee
  1097 | D        | Noticed a killer bee
  1097 | D        | Noticed a killer bee
  1097 | D        | Noticed a killer bee
  1097 | D        | Noticed a killer bee
  1097 | D        | Noticed a killer bee
  1097 | D        | Noticed a queen bee
  1097 | D        | Noticed a killer bee
  1097 | D        | Noticed a killer bee
  1097 | D        | Noticed a killer bee
  1097 | D        | Noticed a killer bee
  1098 | D        | Noticed a killer bee
  1098 | D        | Noticed a killer bee
  1098 | D        | Noticed a killer bee
  1098 | D        | Noticed a killer bee
  1098 | D        | Noticed a killer bee
  1098 | D        | Noticed a killer bee
  1098 | D        | Noticed a killer bee
  1098 | D        | Noticed a killer bee
  1098 | D        | Noticed a killer bee
  1098 | D        | Noticed a killer bee
  1098 | D        | Noticed a killer bee
  1098 | D        | Noticed a killer bee
  1098 | D        | Noticed a killer bee
  1098 | D        | Noticed a killer bee
  1098 | D        | Noticed a killer bee
  1098 | D        | Noticed a killer bee
  1098 | D        | Noticed a killer bee
  1098 | D        | Noticed a killer bee
  1099 | D        | Killed a killer bee
  1100 | D        | Killed a killer bee
  1105 | D        | Killed a killer bee
  1105 | D        | Acquired Dithmenos's fourth power
  1107 | D        | Killed a killer bee
  1111 | D        | Killed a killer bee
  1116 | D        | Killed a killer bee
  1119 | D        | Killed a killer bee
  1121 | D        | Killed a killer bee
  1124 | D        | Killed a killer bee
  1126 | D        | Killed a killer bee
  1265 | D        | Killed a killer bee
  1267 | D        | Killed a killer bee
  1269 | D        | Killed a killer bee
  1271 | D        | Killed a killer bee
  1273 | D        | Killed a killer bee
  1275 | D        | Killed a killer bee
  1279 | D        | Killed a killer bee
  1279 | D        | Reached skill level 15 in Stealth
  1281 | D        | Killed a killer bee
  1420 | D        | Killed a killer bee
  1420 | D        | Killed a killer bee
  1427 | D        | Killed a killer bee
  1431 | D        | Killed a killer bee
  1433 | D        | Killed a killer bee
  1435 | D        | Killed a killer bee
  1437 | D        | Killed a killer bee
  1439 | D        | Killed a killer bee
  1441 | D        | Killed a killer bee
  1443 | D        | Killed a killer bee
  1445 | D        | Killed a killer bee
  1582 | D        | Killed Nessos
  1592 | D        | Killed a killer bee
  1592 | D        | Reached XP level 10. HP: 48/48 MP: 21/26
  1598 | D        | Killed a killer bee
  1600 | D        | Killed a killer bee
  1602 | D        | Killed a queen bee
  1607 | D        | Noticed a tentacled starspawn
  1683 | D        | Found Hiomuadd's Distillery.
  1711 | D        | Killed a tentacled starspawn
  1798 | D        | Killed a yaktaur
  1798 | D        | XOM: mild Summ miscast
  1845 | D        | Noticed a wandering mushroom
  1846 | D        | Noticed a wandering mushroom
  1846 | D        | Noticed a wandering mushroom
  1847 | D        | Killed a wandering mushroom
  1849 | D        | Killed a wandering mushroom
  1849 | D        | Reached skill level 5 in Conjurations
  1850 | D        | Killed a wandering mushroom
  1894 | D        | Learned a level 5 spell: Summon Forest
  1899 | D        | Noticed a spiny frog
  1899 | D        | Noticed a komodo dragon
  1899 | D        | Noticed a spiny frog
  1905 | D        | Killed a spiny frog
  1907 | D        | Killed a spiny frog
  1907 | D        | Reached skill level 16 in Stealth
  1910 | D        | Killed a komodo dragon
  1945 | D        | Noticed a redback
  1947 | D        | Killed a redback
  1948 | D        | Noticed a brain worm
  1952 | D        | Killed a brain worm
  1957 | D        | Noticed a brain worm
  1959 | D        | Killed a brain worm
  1965 | D        | Noticed a lindwurm
  1967 | D        | Noticed a redback
  1968 | D        | Killed a lindwurm
  1968 | D        | Reached skill level 15 in Dodging
  1970 | D        | Killed a redback
  1970 | D        | Reached skill level 5 in Summonings
  1975 | D        | Noticed a redback
  1976 | D        | Killed a redback
  1977 | D        | Noticed Maud
  1979 | D        | Killed Maud
  1979 | D        | Reached skill level 17 in Stealth
  1979 | D        | Reached skill level 10 in Hexes
  1979 | D        | Reached XP level 11. HP: 51/51 MP: 27/29
  1991 | D        | Noticed an electric eel
  1992 | D        | Noticed a seven-headed hydra
  1992 | D        | Noticed a four-headed hydra
  1994 | D        | Killed an electric eel
  1996 | D        | Killed a seven-headed hydra
  1996 | D        | Reached skill level 10 in Translocations
  1997 | D        | Killed a four-headed hydra
  2012 | D        | Learned a level 5 spell: Warp Weapon
  2045 | D        | Noticed a death drake
  2048 | D        | Killed a death drake
  2055 | D        | Found a blossoming altar of Fedhas.
  2055 | D        | Noticed a spriggan
  2055 | D        | Noticed a spriggan druid
  2055 | D        | Noticed a spriggan
  2057 | D        | Killed a spriggan druid
  2058 | D        | Killed a spriggan
  2059 | D        | Killed a spriggan
  2081 | D        | Noticed a snapping turtle
  2083 | D        | Noticed a kraken
  2094 | D        | Killed a snapping turtle
  2095 | D        | Noticed a snapping turtle
  2115 | D        | Killed a snapping turtle
  2640 | D        | Noticed an alligator snapping turtle
  2640 | D        | Noticed an alligator snapping turtle
  2657 | D        | HP: 1/51 [tentacle[a kraken] (8)]
  2658 | D        | Slain by a tentacle

Vault maps used:
D:        dungeon_sprint_mu

Action                   |  1- 3 |  4- 6 |  7- 9 | 10-12 || total
-------------------------+-------+-------+-------+-------++-------
Melee: Dagger            |    26 |    14 |    64 |    43 ||   147
 Cast: Ensorcelled Hiber |     4 |       |    42 |    13 ||    59
       Corona            |     1 |       |       |       ||     1
       Dazzling Spray    |       |     9 |     8 |    32 ||    49
       Phase Shift       |       |       |       |     1 ||     1
       Gell's Gravitas   |       |       |       |     1 ||     1
Invok: Shadow Step       |       |       |     3 |     5 ||     8
  Use: Potion            |     4 |     2 |       |     4 ||    10
       Scroll            |     3 |       |       |     1 ||     4
 Stab: Sleeping          |     4 |     3 |    37 |    24 ||    68
       Invisible         |       |       |     4 |       ||     4
  Eat: Bread ration      |       |       |       |     1 ||     1
       Royal jelly       |       |       |       |     6 ||     6
